 Dungeon Crawl Stone Soup version 0.31-a0-691-g409c26aa35 (webtiles) character file.

Game seed: 3980891479353739889

418 qw the Shooter (level 6, -2/39 HPs)
             Began as a Gargoyle Hunter on Sept 6, 2023.
             Slain by an ogre
             ... wielding a +0 giant club
              (18 damage)
             ... on level 4 of the Dungeon.
             The game lasted 00:01:09 (2771 turns).

qw the Shooter (Gargoyle Hunter)                    Turns: 2771, Time: 00:01:09

Health: -2/39      AC: 10    Str: 15    XL:     6   Next: 93%
Magic:  6/6        EV: 11    Int:  9    God:
Gold:   61         SH:  0    Dex: 15    Spells: 5/5 levels left

rFire   . . .        a - +1 orcbow (heavy)
rCold   . . .        (shield currently unavailable)
rNeg    + . .        i - +0 ring mail
rPois   inf          (no helmet)
rElec   +            (no cloak)
rCorr   .            (no gloves)
SInv    .            d - +0 pair of boots
Will    .....        (no amulet)
Stlth   +            (no ring)
HPRegen 0.26/turn    (no ring)
MPRegen 0.10/turn

%: no passive effects
@: no status effects
A: sickness immunity, AC +4, negative energy resistance 1, electricity
resistance, torment resistance 1, petrification resistance
a: no special abilities


You were on level 4 of the Dungeon.
You visited 1 branch of the dungeon, and saw 4 of its levels.

You collected 176 gold pieces.
You spent 115 gold pieces at shops.


Innate Abilities, Weirdness & Mutations

You are immune to sickness and miasma.
Your stone body is resilient. (AC +4)
You are immune to poison.
You resist negative energy. (rN+)
You are resistant to electric shocks. (rElec)
You are resistant to unholy torment.
You are immune to petrification.


   Skills:
 - Level 4.5 Fighting
 + Level 6.9 Ranged Weapons
 - Level 1.3 Armour
 - Level 1.5 Dodging
 - Level 1.1 Stealth


You had 5 spell levels left.
You didn't know any spells.
Your spell library was empty.

Inventory:

Hand Weapons
 a - a +1 heavy orcbow (weapon)
Armour
 d - a +0 pair of boots (worn)
 i - a +0 ring mail (worn)
 m - a +0 pair of gloves of hurling
Scrolls
 b - 3 scrolls of identify
 e - a scroll of teleportation
 k - a scroll of immolation {unknown}
Potions
 c - a potion of haste
 f - a potion of might {unknown}
 g - a potion of invisibility {unknown}
 h - 4 potions of curing
 j - a potion of cancellation {unknown}
 l - a potion of mutation {unknown}

Dungeon Overview and Level Annotations

Branches:
Dungeon (4/15)
 Temple: D:4-7

Altars:
Ru

Shops:
D:4 *


Message History

There is a broken door here.
h - 4 potions of curing (gained 1)
A hobgoblin comes into view.
You shoot an arrow. The arrow hits the hobgoblin!
You kill the hobgoblin!
Found a pair of gloves.
There is an open door here.
A centaur comes into view.
The centaur shouts!
The centaur wields a +0 orcbow.
The centaur shoots an arrow.
The arrow hits you!
You see here a +0 pair of gloves.
You shoot an arrow. The arrow hits the centaur!!
The centaur is almost dead.
The centaur shoots an arrow.
The arrow hits you.
The centaur shoots an arrow.
The arrow barely misses you.
You shoot an arrow. The arrow hits the centaur.
You kill the centaur!
You start resting.
An ogre comes into view. It is wielding a +0 giant club.
2759 ||| FLEEEEING.
2760 ||| STILL FLEEEEING.
The ogre shouts!
2761 ||| FLEEEEING.
2762 ||| FLEEEEING.
2763 ||| FLEEEEING.
2764 ||| FLEEEEING.
There is an open door here.
2765 ||| FLEEEEING.
2766 ||| FLEEEEING.
2767 ||| FLEEEEING.
2768 ||| FLEEEEING.
2769 ||| FLEEEEING.
An orc skeleton comes into view.
You shoot an arrow. The arrow hits the ogre!
The ogre is moderately wounded.
The ogre hits you with a +0 giant club!
You shoot an arrow. The arrow hits the ogre.
The ogre is heavily wounded.
The ogre hits you with a +0 giant club!!
You die...

..###..###.......###...###.
#..# ##..#.....#...##
##..## ##.#.....#....#
##....## #.'.....'....#
.##..##..##..#.....#....#
.............#.....#....#
...#.........#.....#....#
...#.........#..O..#......
## #...####..#..@..#.......
####...####..####.....####.
.........#......#.....#
.........'......#......#
............))..'..Z..##
######+##.#'#...#......+
#....#.#...#.....#.
+....#.#...#......
#....#.#...# ...#


You could see an ogre and an orc skeleton.

Vanquished Creatures
  A black bear (D:4)
  A centaur (D:4)
  An orc priest (D:3)
  2 orc wizards (D:4)
  4 gnolls
  4 adders (D:2)
  An ufetubus (D:4)
  4 worms
  A dart slug (D:2)
  5 orcs
  5 ball pythons
  5 bats
  8 endoplasms
  2 giant cockroaches
  8 goblins
  7 hobgoblins
  3 jackals (D:1)
  2 quokkas
  5 frilled lizards
  5 kobolds
  An orc zombie (D:4)
  6 rats
81 creatures vanquished.

Notes
Turn   | Place    | Note
-------+----------+-------------------------------------------
     0 | D:1      | qw the Gargoyle Hunter began the quest for the Orb.
     0 | D:1      | Reached XP level 1. HP: 12/12 MP: 1/1
     0 | D:1      | 0 ||| qw: Version: 0.3-a-76-g4403597
     0 | D:1      | 0 ||| qw: Game counter: 31
     0 | D:1      | 0 ||| qw: Melee chars always use a shield: true
     0 | D:1      | 0 ||| qw: God list: Okawaru
     0 | D:1      | 0 ||| qw: Allow faded altars: false
     0 | D:1      | 0 ||| qw: Do Orc after clearing Dungeon:15 true
     0 | D:1      | 0 ||| qw: Do second Lair branch before Depths: true
     0 | D:1      | 0 ||| qw: Lair rune preference: random
     0 | D:1      | 0 ||| qw: Goals: Normal
     0 | D:1      | 0 ||| PLANNING D:1-11
    40 | D:1      | Reached XP level 2. HP: 12/17 MP: 2/2
   701 | D:1      | 701 ||| UPGRADING to +0 ring mail.
   711 | D:1      | 711 ||| DROPPING +0 leather armour.
   712 | D:1      | 712 ||| READING scroll labelled OCAEBI FIFU.
   713 | D:1      | 713 ||| READING scroll labelled FOAFIXE QUOK.
   713 | D:1      | Identified a scroll of acquirement
   713 | D:1      | 713 ||| ACQUIRING +1 heavy orcbow
   713 | D:1      | Acquired a +1 heavy orcbow
   715 | D:1      | 715 ||| SWAPPING to +1 heavy orcbow.
   716 | D:1      | 716 ||| DROPPING +0 shortbow.
   717 | D:1      | 717 ||| READING 2 scrolls labelled SOAXAUMIN.
   718 | D:1      | 718 ||| DRINKING 2 silvery potions.
   719 | D:1      | 719 ||| DROPPING scroll of butterflies.
   720 | D:1      | 720 ||| DROPPING potion of attraction.
   732 | D:2      | Found a faded altar of an unknown god.
   762 | D:2      | 762 ||| Stepping ~*~*~tactically~*~*~ (retreating).
   763 | D:2      | 763 ||| READING scroll labelled QUUFAQULUNK.
   767 | D:2      | Reached XP level 3. HP: 21/21 MP: 3/3
   768 | D:2      | Reached skill level 1 in Armour
   770 | D:2      | Reached skill level 5 in Ranged Weapons
   774 | D:2      | Reached XP level 4. HP: 20/27 MP: 4/4
   808 | D:2      | 808 ||| DRINKING 2 glowing blue potions.
   815 | D:2      | Reached skill level 3 in Fighting
  1282 | D:2      | 1282 ||| READING 2 scrolls labelled TUL NEH DOGOA.
  1286 | D:2      | 1286 ||| READING scroll labelled MYNEYTEOTZ.
  1287 | D:2      | 1287 ||| READING scroll labelled ETHRODD VOITORCH.
  1288 | D:2      | 1288 ||| READING scroll labelled WOEBBENAGH.
  1289 | D:2      | 1289 ||| READING scroll labelled EMYESY ZA NUI.
  1290 | D:2      | 1290 ||| READING 4 scrolls of identify.
  1290 | D:2      | 1290 ||| IDENTIFYING sedimented clear potion
  1291 | D:2      | 1291 ||| READING 3 scrolls of identify.
  1291 | D:2      | 1291 ||| IDENTIFYING pink potion
  1292 | D:2      | 1292 ||| READING 2 scrolls of identify.
  1292 | D:2      | 1292 ||| IDENTIFYING metallic coppery potion
  1293 | D:2      | 1293 ||| DROPPING potion of lignification.
  1294 | D:2      | 1294 ||| DROPPING potion of degeneration.
  1295 | D:2      | 1295 ||| DROPPING potion of brilliance.
  1472 | D:3      | Reached XP level 5. HP: 28/32 MP: 5/5
  1609 | D:3      | 1609 ||| READING 2 scrolls of identify.
  1609 | D:3      | 1609 ||| IDENTIFYING clear potion
  2148 | D:3      | Reached skill level 6 in Ranged Weapons
  2182 | D:3      | 2182 ||| UPGRADING to +0 pair of boots.
  2542 | D:4      | Noticed a black bear
  2546 | D:4      | Killed a black bear
  2547 | D:4      | Reached XP level 6. HP: 35/39 MP: 6/6
  2590 | D:4      | Found Hyihiqot's General Store.
  2602 | D:4      | 2602 ||| BUYING +0 pair of gloves of hurling (115 gold).
  2602 | D:4      | Bought a +0 pair of gloves of hurling for 115 gold pieces
  2626 | D:4      | 2626 ||| Stepping ~*~*~tactically~*~*~ (outnumbered).
  2676 | D:4      | 2676 ||| FLEEEEING.
  2677 | D:4      | 2677 ||| FLEEEEING.
  2678 | D:4      | 2678 ||| FLEEEEING.
  2679 | D:4      | 2679 ||| FLEEEEING.
  2702 | D:4      | Found a sacrificial altar of Ru.
  2759 | D:4      | 2759 ||| FLEEEEING.
  2761 | D:4      | 2761 ||| FLEEEEING.
  2762 | D:4      | 2762 ||| FLEEEEING.
  2763 | D:4      | 2763 ||| FLEEEEING.
  2764 | D:4      | 2764 ||| FLEEEEING.
  2765 | D:4      | 2765 ||| FLEEEEING.
  2766 | D:4      | 2766 ||| FLEEEEING.
  2767 | D:4      | 2767 ||| FLEEEEING.
  2768 | D:4      | 2768 ||| FLEEEEING.
  2769 | D:4      | 2769 ||| FLEEEEING.
  2771 | D:4      | Slain by an ogre

Levels and vault maps discovered:
D:1:      amcnicky_arrival_wind_blow, layout_loops_ring
D:2:      layout_rooms, basic_ecumenical_altar, serial_forest,
          infiniplex_forest_straight_3, infiniplex_forest_end_2,
          infiniplex_forest_clump_double, infiniplex_forest_clump_curved,
          infiniplex_forest_lined_ring, infiniplex_forest_split,
          minmay_joined_circles
D:3:      layout_basic, serial_co_window_serial, co_window_of_opportunity_a,
          co_window_of_opportunity_a, co_window_paths_b, co_window_paths_a,
          co_window_corner_a, co_window_corner_a, co_window_paths_b,
          co_window_of_opportunity_b, co_window_cross_3, co_window_corner_b,
          co_window_broadway_b, co_window_paths_c, co_window_corner_b
D:4:      minmay_clustersquares, layout_gridville, nicolae_tso_besieged_by_evil,
          mainiacjoe_overflow_surrounded_room, serial_shops,
          nicolae_square_shop, palyth_stone_intersect, serial_bayou_ford_a

Skill      XL: |  1  2  3  4  5 |
---------------+----------------+-----
Armour         | 1 |  1.3
Ranged Weapons | 5 6 |  6.9
Fighting       | 3 4 |  4.5
Dodging        | |  1.5
Stealth        | |  1.1

Action                     |  1- 3 |  4- 6 || total
---------------------------+-------+-------++-------
   Fire: Shortbow          |    53 |       ||    53
         Orcbow            |    13 |   120 ||   133
    Use: Scroll            |     4 |     9 ||    13
         Potion            |     1 |     1 ||     2
 Armour: Leather armour    |    27 |       ||    27
         Ring mail         |    24 |    70 ||    94
  Dodge: Dodged            |    52 |    45 ||    97

Table legend:
 A = Non-vault XP
 B = Vault XP
 C = Vault XP percentage of total XP
 D = Non-vault monster count
 E = Vault monster count
 F = Vault count percentage of total count
                 A         B        C        D         E       F
            +---------+---------+-------+---------+---------+-------
      Total |     523 |      75 |  12.5 |      67 |      14 |  17.3
            +---------+---------+-------+---------+---------+-------
        D:1 |      32 |       0 |   0.0 |      20 |       0 |   0.0
        D:2 |      38 |      69 |  64.5 |      15 |      11 |  42.3
        D:3 |     116 |       0 |   0.0 |      19 |       0 |   0.0
        D:4 |     337 |       6 |   1.7 |      13 |       3 |  18.8
            +---------+---------+-------+---------+---------+-------
